Unix NetHack Version 5.0.0-0 post-release - last build Jun 10 2026 00:39:30 (3ee93aec679c4c4259841fe613dc97188e26a321,branch:main).

Game began 2026-06-20 00:35:21, ended 2026-06-20 13:37:11.

Kwijibo4686, neutral female human Valkyrie

                          -----------          ----
                          |.........|   -------->.--
                          |.........|   |..........|
                          |.........|   |.-.-----`.|
                          |....<....|   |..`|...|..|
                          |.........|   |-``...`.`.|
                          |.........|   |..|..`..`.|
                          |.........|   |.--.`----.|
                          |.........|  --.|.`...`..|
                          |+------------.`..@-`---.|
                          |.^^^^/^^^^^^.^..-``.|...|
                          ----------------.........|
                                         |..|..-----
                                         -------

Kwijibo4686 the Fighter     St:17 Dx:13 Co:18 In:7 Wi:12 Ch:9  Neutral
Dlvl:4  $:719 HP:16(83) Pw:14(14) AC:-2 Xp:8 T:6974  Satiated Burdened

Latest messages:
 The rothe just misses!
 The rothe bites!
 The rothe bites again!
 A mysterious force prevents the white unicorn from teleporting!
 You kill the rothe!
 There is a rolling boulder trap here.
 You see here a rothe corpse.
 Click!  You trigger a rolling boulder trap!
 No boulder was released.
 There is a rothe corpse here; eat it? [ynq] (n) n
 What do you want to eat? [dhzDKMOQUV or ?*] <space>
 Never mind.
 Really step into that pit? [yn] (n) y
 Air currents pull you down into a pit!
 Really step into that pit? [yn] (n) y
 You are still in a pit.
 Really step into that pit? [yn] (n) y
 You are still in a pit.
 Really step into that pit? [yn] (n) y
 You crawl to the edge of the pit.
 Really step into that pit? [yn] (n) y
 Air currents pull you down into a pit!
 Valkyrie, your life force is running out.
 You are still in a pit.
 You are still in a pit.
 You are still in a pit.
 You are still in a pit.
 You are still in a pit.
 You are still in a pit.
 You crawl to the edge of the pit.
 Really step into that pit? [yn] (n) y
 Air currents pull you down into a pit!
 You are still in a pit.
 You are still in a pit.
 You crawl to the edge of the pit.
 Really step into that pit? [yn] (n) y
 Air currents pull you down into a pit!
 You are still in a pit.
 You are still in a pit.
 You are still in a pit.
 You crawl to the edge of the pit.
 You climb up the stairs.
 With great effort you move the boulder.
 With great effort you move the boulder.
 With great effort you move the boulder.
 With great effort you move the boulder.
 The boulder suddenly rolls away from you!
 You hear a boulder fall.
 Really quit without saving? [yn] (n) y
 Do you want your possessions identified? [ynq] (y) q

Inventory:
 Coins    ('$')
  $ - 719 gold pieces
 Weapons  (')')
  b - a +0 dagger (weapon in left hand)
  P - a blessed corroded +0 knife (at the ready)
 Armor    ('[')
  C - an uncursed +0 dwarvish iron helm (being worn)
  q - an uncursed burnt +0 pair of leather gloves (being worn)
  s - an uncursed +0 pair of iron shoes (being worn)
  e - an uncursed +0 pair of kicking boots
  v - an uncursed +0 shield of reflection (being worn)
  c - an uncursed +3 small shield
  w - an uncursed +3 Hawaiian shirt with a plumeria motif
  B - a blessed +0 dwarvish mithril-coat (being worn)
 Comestibles  ('%')
  z - an uncursed slime mold
  D - an uncursed candy bar labeled "Wonka Bar"
  Q - an uncursed cream pie
  M - 2 uncursed eucalyptus leaves
  d - 8 uncursed food rations
  U - an uncursed fortune cookie
  h - 2 uncursed lembas wafers
  K - an uncursed tripe ration
  V - 3 uncursed tins of spinach
  O - an uncursed lizard corpse
 Scrolls  ('?')
  X - 2 cursed scrolls of earth
  L - an uncursed scroll of identify
  f - a blessed scroll of remove curse
  t - an uncursed scroll of stinking cloud
  G - an uncursed scroll of teleportation
 Potions  ('!')
  g - a cursed potion of enlightenment
  r - an uncursed potion of gain ability
  k - 5 uncursed potions of healing
  j - a cursed potion of healing
  u - a cursed potion of monster detection
  p - 2 uncursed potions of object detection
  x - 2 cursed potions of object detection
  I - a cursed potion of paralysis
  J - an uncursed potion of restore ability
  H - an uncursed potion of see invisible
 Rings    ('=')
  l - an uncursed ring of conflict
  S - a cursed ring of hunger
  Y - a cursed ring of hunger
  A - an uncursed ring of stealth
 Wands    ('/')
  W - a wand of secret door detection (0:14)
  E - a wand of teleportation (0:3)
 Tools    ('(')
  m - an uncursed blindfold
  i - a cursed brass lantern
  o - a magic marker (0:40)
  F - an uncursed oil lamp
  y - an uncursed skeleton key
  N - a +0 unicorn horn

Kwijibo4686 the Valkyrie's attributes:

Background:
 You were a Fighter, a level 8 human Valkyrie.
 You were neutral, nominally on a mission for Odin
 who was opposed by Tyr (lawful) and Loki (chaotic).
 You were left-handed.
 You were in Sokoban, on level 4.
 You entered the dungeon 6974 turns ago.
 You had 1970 experience points, 590 more were needed to attain level 9.

Basics:
 You had 16 out of 83 hit points.
 You had all 14 energy points (spell power).
 Your armor class was -2.
 Your wallet contained 719 zorkmids.
 Autopickup was on for '$?!/="' plus thrown.

Final Characteristics:
 Your strength was 17 (peak:18, limit:18/100).
 Your dexterity was 13 (limit:18).
 Your constitution was 18 (limit:18).
 Your intelligence was 7 (limit:18).
 Your wisdom was 12 (limit:18).
 Your charisma was 9 (limit:18).

Final Status:
 You were satiated.
 You were burdened; movement was slightly slowed.
 You were wielding a dagger.
 You were skilled in dagger.

Final Attributes:
 You were piously aligned.
 You were cold resistant.
 You were telepathic.
 You were stealthy.
 You were guarded.
 You were fast.
 You had reflection.
 You survived.

Miscellaneous:
 You didn't encounter any bones levels.
 Total elapsed playing time was 53 minutes and 12 seconds.

Major events:
 Turn
    1: Kwijibo4686 the neutral human Valkyrie entered the dungeon
  772: attained the rank of Skirmisher (level 3)
 1162: entered the Gnomish Mines
 2239: attained the rank of Fighter (level 6)
 2279: reached Mine Town
 6672: entered Sokoban
 6974: quit

You didn't know any spells.

Skills:
 Fighting Skills
   bare handed combat [Unskilled]
   two weapon combat  [Unskilled]
   riding             [Unskilled]
 Weapon Skills
   dagger             [Skilled]
   axe                [Unskilled]
   pick-axe           [Unskilled]
   short sword        [Unskilled]
   broadsword         [Unskilled]
   long sword         [Unskilled]
   two-handed sword   [Unskilled]
   saber              [Unskilled]
   hammer             [Unskilled]
   quarterstaff       [Unskilled]
   polearms           [Unskilled]
   spear              [Expert]
   trident            [Unskilled]
   lance              [Unskilled]
   sling              [Unskilled]
 Spellcasting Skills
   attack spells      [Unskilled]
   escape spells      [Unskilled]

Voluntary challenges:
 Character rerolling was not enabled.
 You were an atheist.
 You never genocided any monsters.
 You never polymorphed an object.
 You never changed form.
 You used no wishes.
 You did not violate any of the special Sokoban rules.
Achievements:
 You attained the rank of Skirmisher.
 You entered the Gnomish Mines.
 You attained the rank of Fighter.
 You entered Minetown.
 You entered a shop.
 You entered Sokoban.

 The Dungeons of Doom: levels 1 to 7
    Level 1:
       Some fountains, a grave.
    Level 2:
    Level 3:
       Some fountains.
       Stairs down to The Gnomish Mines.
    Level 4:
       A general store.
    Level 5:
       Many fountains.
    Level 6:
       Stairs up to Sokoban, level 5.
    Level 7:
 The Gnomish Mines: levels 4 to 8
    Level 4:
    Level 5:
    Level 6:
       An altar, a fountain.
    Level 7:
    Level 8:
 Sokoban: levels 5 up to 4
    Level 4: <- You were here.
       Unsolved.
    Level 5:
       Unsolved.


Vanquished creatures:
  a ghost
  a wolf
  a horse
  a gnome ruler
  a dwarf mummy
  a yeti
  a gold golem
  a lizard
  a dingo
  3 jaguars
  a dwarf leader
  a blue jelly
  a black unicorn
  a raven
  3 human zombies
  a bugbear
  2 wood nymphs
  2 mountain nymphs
 11 Mordor orcs
 an Uruk-hai
 an orc shaman
  a rock piercer
  2 rock moles
  a yellow light
  a shrieker
  9 gnome leaders
  2 kobold mummies
  4 elf zombies
  4 floating eyes
  8 dwarves
  a homunculus
  a kobold leader
  a kobold shaman
 10 hill orcs
  4 rothes
  a rabid rat
  a centipede
  2 orc zombies
  a dwarf zombie
  a wererat
  6 iguanas
 an acid blob
  2 hobbits
  2 hobgoblins
  a giant rat
  a cave spider
  a brown mold
  a red mold
 40 gnomes
  a gnome zombie
  3 geckos
  6 jackals
  2 foxes
  2 kobolds
  6 goblins
  8 sewer rats
  5 grid bugs
  2 bats
  4 lichens
  3 kobold zombies
  6 newts
195 creatures vanquished.

No species were genocided or became extinct.

Farvel Kwijibo4686 the Valkyrie...

You quit in Sokoban on dungeon level 4 with 8949 points,
and 719 pieces of gold, after 6974 moves.
You were level 8 with a maximum of 83 hit points when you quit.

